 Dungeon Crawl Stone Soup version 0.31.0-11-ge490571c62 (webtiles) character file.

Game seed: 10012796495618389978

13288 qw the Nimble (level 11, -3/55 HPs)
             Began as a Spriggan Hunter on Feb 5, 2024.
             Was a High Priest of Okawaru.
             Slain by a spectral cane toad (7 damage)
             ... called from beyond by a ghost crab
             ... on level 2 of the Lair of Beasts.
             The game lasted 00:05:04 (9072 turns).

qw the Nimble (Spriggan Hunter)                     Turns: 9072, Time: 00:05:04

Health: -3/55      AC: 10    Str:  7    XL:     11   Next: 73%
Magic:  19/19      EV: 30    Int: 11    God:    Okawaru [*****.]
Gold:   463        SH:  0    Dex: 23    Spells: 10/10 levels left

rFire   . . .        t - +1 orcbow (heavy)
rCold   . . .        (shield currently unavailable)
rNeg    . . .        p - +1 steam dragon scales
rPois   +            (helmet restricted)
rElec   .            (no cloak)
rCorr   .            (gloves unavailable)
SInv    +            (boots unavailable)
Will    +....        m - amulet of faith
Stlth   ++           k - ring of poison resistance
HPRegen 0.29/turn    n - +4 ring of protection
MPRegen 0.16/turn

%: faith
@: very quick
A: very small, no large weapons, unfitting armour, see invisible, speed 3
a: Renounce Religion, Heroism, Finesse, Duel


You were on level 2 of the Lair of Beasts.
You worshipped Okawaru.
Okawaru was extremely pleased with you.
You visited 2 branches of the dungeon, and saw 10 of its levels.
You also visited: Sewer.

You collected 463 gold pieces.


Innate Abilities, Weirdness & Mutations

You are very small and have problems with some larger weapons.
You are too small for most types of armour.
You have supernaturally acute eyesight. (SInv)
You cover ground extremely quickly. (Speed+++)


   Skills:
 - Level 5.0 Fighting
 + Level 12.2 Ranged Weapons
 - Level 1.0 Armour
 - Level 13.1 Dodging
 - Level 1.5 Stealth
 - Level 10.0 Invocations


You had 10 spell levels left.
You didn't know any spells.
Your spell library was empty.

Inventory:

Hand Weapons
 t - a +1 heavy orcbow (weapon)
Armour
 p - +1 steam dragon scales (worn)
Jewellery
 a - a +6 ring of strength
 h - a ring of poison resistance
 k - a ring of poison resistance (left hand)
 m - an amulet of faith (around neck)
 n - a +4 ring of protection (right hand)
Wands
 d - a wand of paralysis (19)
 g - a wand of digging (2)
 j - a wand of polymorph (14)
Scrolls
 b - 3 scrolls of teleportation
Potions
 c - a potion of might
 e - 2 potions of curing
 f - 4 potions of mutation
 i - a potion of enlightenment
 o - a potion of resistance
 q - a potion of magic

Dungeon Overview and Level Annotations

Branches:
Dungeon (8/15)             Temple (0/1) D:5            Lair (2/5) D:8
  Snake (0/4) Lair:2        Sewer (visited)
  Swamp: Lair:2-3    Shoals: Lair:2-3

Altars:
Okawaru
Ru

Portals:
Abyss: D:4

Annotations:
D:4 2 transporters, qw's ghost, amateur DEHu
D:6 exclusion: electric eel


Message History

The arrow hits the spectral water moccasin!!
You destroy the spectral water moccasin!
Okawaru accepts your kill.
You start resting.
HP restored.
You enter the shallow water.
Moving in this stuff is going to be slow.
A spectral rime drake comes into view.
You shoot an arrow.
The arrow hits the spectral rime drake!!
The spectral rime drake is severely damaged.
A ghost crab comes into view.
The ghost crab breathes spectral mist at you.
The spectral mist engulfs the spectral rime drake.
A spectral basilisk comes into view.
Enter note:
Enter note:
Enter note:
Enter note:
Enter note:
Enter note: You shoot an arrow.
The arrow hits the spectral rime drake!
The spectral rime drake is almost destroyed.
You are engulfed in spectral mist.
You shoot an arrow. The arrow hits the spectral rime drake.
You destroy the spectral rime drake!
Okawaru accepts your kill. Okawaru grants you throwing weapons!
Something appears at your feet!
You are engulfed in spectral mist.
The ghost crab breathes spectral mist at you.
The spectral mist engulfs the spectral basilisk.
You shoot an arrow.
The arrow hits the spectral basilisk but does no damage.
You are engulfed in spectral mist.
The spectral cane toad completely misses you.
The spectral basilisk completely misses you.
You shoot an arrow. The arrow hits the spectral basilisk!
The spectral basilisk is lightly damaged.
You are engulfed in spectral mist.
The spectral cane toad hits you!
You die... ..#............### .P #..##..#......## 777

## #..#...#.....77 7.~7
#. ............7777...
#. .#....#..........7 ##
#..##..#.....~0.7 ¤ #
....#........~..77 ¤¤¤
..
.........#......Z77.t0¤7
#.
.##.......(.7777@Z~0.7
## #####..##.###


7777777 ####### You could see a ghost crab, a spectral basilisk and a spectral
cane toad (summoned).

Vanquished Creatures
  2 skysharks (Lair:2)
  2 black mambas
  Joseph (D:7)
  5 cane toads
  2 rime drakes
  Jeremiah (Lair:1)
  A komodo dragon (Lair:1)
  A spectral skyshark (Lair:2)
  A hornet (Lair:2)
  5 blink frogs (Lair:1)
  A wraith (D:7)
  2 wyverns (D:8)
  15 yaks
  2 basilisks
  A steam dragon (D:7)
  5 water moccasins
  3 orc warriors (D:7)
  An ice beast (D:8)
  A spectral rime drake (Lair:2)
  A black bear (D:6)
  5 ogres
  5 wolves (Lair:2)
  2 centaurs
  A phantom (D:5)
  2 brain worms (Sewer)
  9 bullfrogs
  A spectral water moccasin (Lair:2)
  6 kobold brigands
  Blork the orc (D:6)
  4 scorpions
  2 hounds (D:5)
  A bombardier beetle (D:5)
  2 orc priests
  2 jellies
  A sleepcap (D:7)
  5 iguanas
  6 orc wizards
  9 gnolls
  10 adders
  2 river rats
  2 shadow imps (D:7)
  2 white imps
  5 ribbon worms (Sewer)
  5 dart slugs
  30 orcs
  11 ball pythons
  10 endoplasms
  4 giant cockroaches
  5 goblins
  6 hobgoblins
  14 kobolds
  2 quokkas
  8 bats
  4 frilled lizards (D:1)
  9 rats
246 creatures vanquished.

Vanquished Creatures (others)
  A centaur (D:5)
1 creature vanquished.

Grand Total: 247 creatures vanquished

Notes
Turn   | Place    | Note
-------+----------+-------------------------------------------
     0 | D:1      | qw the Spriggan Hunter began the quest for the Orb.
     0 | D:1      | Reached XP level 1. HP: 10/10 MP: 2/2
     0 | D:1      | 0 ||| qw: Version: 0.3-a-160-g6735b56
     0 | D:1      | 0 ||| qw: Game counter: 6246
     0 | D:1      | 0 ||| qw: Melee chars always use a shield: true
     0 | D:1      | 0 ||| qw: God list: Okawaru
     0 | D:1      | 0 ||| qw: Allow faded altars: false
     0 | D:1      | 0 ||| qw: Do Orc after clearing Dungeon:15 true
     0 | D:1      | 0 ||| qw: Do second Lair branch before Depths: true
     0 | D:1      | 0 ||| qw: Lair rune preference: random
     0 | D:1      | 0 ||| qw: Goals: Normal
     0 | D:1      | 0 ||| PLANNING D:1-11
    27 | D:1      | Reached skill level 3 in Dodging
   106 | D:1      | Reached XP level 2. HP: 14/14 MP: 3/3
   208 | D:1      | Reached skill level 4 in Dodging
   582 | D:1      | Reached XP level 3. HP: 16/18 MP: 4/4
   900 | D:1      | 900 ||| READING scroll labelled EKLAMOM GYUDOPS.
   903 | D:1      | 903 ||| DROPPING scroll of butterflies.
  1476 | D:2      | Reached XP level 4. HP: 22/22 MP: 5/5
  1532 | D:2      | 1532 ||| DROPPING ring of magical power.
  1533 | D:2      | 1533 ||| UPGRADING to ring of poison resistance.
  1534 | D:2      | 1534 ||| READING 2 scrolls labelled WIOTEI OXTOTRUPIA.
  1534 | D:2      | 1534 ||| IDENTIFYING fizzy amethyst potion
  1535 | D:2      | 1535 ||| READING scroll of identify.
  1535 | D:2      | 1535 ||| IDENTIFYING glowing brown potion
  1536 | D:2      | 1536 ||| READING scroll labelled HULUPNI SASOWN.
  1537 | D:2      | 1537 ||| READING scroll labelled JIUROA HIAGH.
  1538 | D:2      | 1538 ||| DROPPING potion of attraction.
  1886 | D:3      | 1886 ||| FLEEEEING.
  1888 | D:3      | Reached skill level 5 in Dodging
  2084 | D:3      | 2084 ||| READING 2 scrolls of identify.
  2084 | D:3      | 2084 ||| IDENTIFYING yellow potion
  2085 | D:3      | 2085 ||| READING scroll of identify.
  2085 | D:3      | 2085 ||| IDENTIFYING bubbling coppery potion
  2086 | D:3      | 2086 ||| READING scroll labelled SIKHEEBA CAFEU.
  2087 | D:3      | 2087 ||| READING scroll labelled VOM ISHO RID.
  2088 | D:3      | 2088 ||| DROPPING potion of brilliance.
  2101 | D:4      | Found an iron altar of Okawaru.
  2102 | D:4      | 2102 ||| PLANNING OKAWARU WORSHIP
  2102 | D:4      | Noticed an ogre
  2103 | D:4      | 2103 ||| ZAPPING wand of paralysis (12) at 2,6 (ogre;
                  | floor).
  2106 | D:4      | Noticed an ogre
  2107 | D:4      | 2107 ||| RETREEEEATING.
  2109 | D:4      | 2109 ||| RETREEEEATING.
  2113 | D:4      | Reached XP level 5. HP: 26/26 MP: 6/6
  2114 | D:4      | 2114 ||| ZAPPING wand of paralysis (11) at 1,3 (ogre;
                  | floor).
  2115 | D:4      | 2115 ||| ZAPPING wand of paralysis (10) at 0,2 (ogre;
                  | floor).
  2118 | D:4      | 2118 ||| ZAPPING wand of paralysis (9) at 2,4 (ogre;
                  | floor).
  2123 | D:4      | Killed an ogre
  2124 | D:4      | Reached skill level 6 in Ranged Weapons
  2128 | D:4      | Killed an ogre
  2129 | D:4      | Reached skill level 6 in Dodging
  2129 | D:4      | Reached XP level 6. HP: 30/30 MP: 7/7
  2131 | D:4      | Became a worshipper of Warmaster Okawaru
  2132 | D:4      | 2132 ||| PLANNING D:1-11
  2347 | D:4      | 2347 ||| RETREEEEATING.
  2469 | D:4      | Found a transporter.
  2490 | D:4      | Found a transporter.
  2562 | D:4      | Found a one-way gate to the infinite horrors of the Abyss.
  2562 | D:4      | Noticed qw's ghost (amateur DEHu)
  2804 | D:4      | 2804 ||| READING scroll of identify.
  2804 | D:4      | 2804 ||| IDENTIFYING pink potion
  2823 | D:5      | Entered Level 5 of the Dungeon
  2830 | D:5      | Reached XP level 7. HP: 35/35 MP: 8/8
  2880 | D:5      | Reached skill level 7 in Dodging
  2895 | D:5      | Reached * piety under Okawaru
  3000 | D:5      | Reached skill level 1 in Invocations
  3117 | D:5      | 3117 ||| RETREEEEATING.
  3291 | D:5      | Found a staircase to the Ecumenical Temple.
  3347 | D:5      | Reached skill level 3 in Invocations
  3413 | D:5      | Reached XP level 8. HP: 39/39 MP: 11/11
  3678 | D:5      | 3678 ||| UPGRADING to +4 ring of protection.
  3679 | D:5      | 3679 ||| READING scroll labelled ASUNAO KEUNA.
  3709 | D:6      | 3709 ||| PLANNING SEWER
  3788 | D:6      | Reached ** piety under Okawaru
  3893 | D:6      | 3893 ||| SWAPPING to +0 orcbow.
  3894 | D:6      | 3894 ||| DROPPING +0 shortbow.
  4139 | D:6      | Noticed Blork the orc
  4144 | D:6      | Killed Blork the orc
  4145 | D:6      | Reached skill level 3 in Fighting
  4152 | D:6      | 4152 ||| INVOKING Heroism.
  4155 | D:6      | 4155 ||| FLEEEEING.
  4156 | D:6      | 4156 ||| STAIRDANCE
  4252 | D:5      | 4252 ||| READING scroll of identify.
  4252 | D:5      | 4252 ||| IDENTIFYING metallic white potion
  4253 | D:5      | 4253 ||| READING scroll labelled MOESSU ALOBBI.
  4254 | D:5      | 4254 ||| READING scroll labelled EWNEFUUCIPS.
  4482 | D:6      | Found a glowing drain.
  4488 | D:6      | Reached skill level 8 in Dodging
  4497 | Sewer    | Entered a sewer
  4909 | Sewer    | Reached skill level 9 in Ranged Weapons
  5074 | Sewer    | Reached XP level 9. HP: 44/44 MP: 13/13
  5078 | Sewer    | 5078 ||| READING scroll labelled HYCWEM WOMY.
  5078 | Sewer    | 5078 ||| BRANDING +0 orcbow.
  5079 | Sewer    | 5079 ||| DRINKING 2 ruby potions.
  5100 | D:6      | 5100 ||| PLANNING D:1-11
  5113 | D:6      | Reached *** piety under Okawaru
  5114 | D:6      | Reached skill level 9 in Dodging
  5195 | D:7      | Noticed Joseph
  5196 | D:7      | 5196 ||| INVOKING Heroism.
  5211 | D:7      | Killed Joseph
  5264 | D:7      | HP: 9/44 [steam dragon (8)]
  5265 | D:7      | 5265 ||| READING 4 scrolls of teleportation.
  5266 | D:7      | 5266 ||| DRINKING potion of heal wounds.
  5429 | D:7      | Reached skill level 10 in Dodging
  5526 | D:7      | 5526 ||| FLEEEEING.
  5527 | D:7      | 5527 ||| FLEEEEING.
  5528 | D:7      | 5528 ||| FLEEEEING.
  5529 | D:7      | 5529 ||| FLEEEEING.
  5530 | D:7      | 5530 ||| FLEEEEING.
  5531 | D:7      | 5531 ||| FLEEEEING.
  5532 | D:7      | 5532 ||| FLEEEEING.
  5533 | D:7      | 5533 ||| FLEEEEING.
  5535 | D:7      | 5535 ||| FLEEEEING.
  5537 | D:7      | 5537 ||| FLEEEEING.
  5538 | D:7      | 5538 ||| FLEEEEING.
  5540 | D:7      | 5540 ||| FLEEEEING.
  5543 | D:7      | 5543 ||| FLEEEEING.
  5544 | D:7      | 5544 ||| FLEEEEING.
  5545 | D:7      | 5545 ||| FLEEEEING.
  5546 | D:7      | 5546 ||| FLEEEEING.
  5547 | D:7      | 5547 ||| FLEEEEING.
  5548 | D:7      | 5548 ||| FLEEEEING.
  5549 | D:7      | 5549 ||| FLEEEEING.
  5550 | D:7      | 5550 ||| FLEEEEING.
  5551 | D:7      | 5551 ||| FLEEEEING.
  5552 | D:7      | 5552 ||| FLEEEEING.
  5553 | D:7      | 5553 ||| FLEEEEING.
  5555 | D:7      | 5555 ||| FLEEEEING.
  5556 | D:7      | 5556 ||| FLEEEEING.
  5558 | D:7      | 5558 ||| FLEEEEING.
  5664 | D:7      | 5664 ||| SWAPPING to +0 heavy orcbow.
  5665 | D:7      | 5665 ||| DROPPING +0 orcbow of flaming.
  5699 | D:7      | Reached **** piety under Okawaru
  5936 | D:7      | 5936 ||| UPGRADING to +0 steam dragon scales.
  5946 | D:7      | 5946 ||| DROPPING +0 robe.
  5947 | D:7      | 5947 ||| UPGRADING to amulet of faith.
  5952 | D:7      | 5952 ||| DROPPING +6 ring of intelligence.
  5953 | D:7      | 5953 ||| READING 3 scrolls of identify.
  5953 | D:7      | 5953 ||| IDENTIFYING white potion
  5954 | D:7      | 5954 ||| READING 2 scrolls of identify.
  5954 | D:7      | 5954 ||| IDENTIFYING scroll labelled HIEWA GEGREMEI
  5955 | D:7      | 5955 ||| READING scroll of enchant weapon.
  5955 | D:7      | 5955 ||| ENCHANTING +0 heavy orcbow.
  6078 | D:8      | Reached skill level 1 in Armour
  6083 | D:8      | 6083 ||| RETREEEEATING.
  6086 | D:8      | 6086 ||| INVOKING Finesse.
  6087 | D:8      | 6087 ||| INVOKING Finesse.
  6089 | D:8      | Reached skill level 11 in Dodging
  6101 | D:8      | Reached XP level 10. HP: 42/49 MP: 9/14
  6133 | D:8      | HP: 10/49 [wyvern (7)]
  6134 | D:8      | 6134 ||| READING 3 scrolls of teleportation.
  6275 | D:8      | Found a staircase to the Lair.
  6286 | D:8      | Reached skill level 6 in Invocations
  6338 | D:8      | Reached ***** piety under Okawaru
  6709 | D:8      | 6709 ||| PLANNING LAIR
  6709 | D:8      | 6709 ||| READING scroll of identify.
  6709 | D:8      | 6709 ||| IDENTIFYING viscous green potion
  6713 | Lair:1   | Entered Level 1 of the Lair of Beasts
  6713 | Lair:1   | Noticed a cane toad
  6714 | Lair:1   | 6714 ||| STAIRDANCE
  6718 | Lair:1   | 6718 ||| STAIRDANCE
  6720 | D:8      | 6720 ||| INVOKING Finesse.
  6724 | D:8      | Killed a cane toad
  6791 | Lair:1   | 6791 ||| STAIRDANCE
  7063 | Lair:1   | Noticed a black mamba
  7064 | Lair:1   | 7064 ||| INVOKING Finesse.
  7069 | Lair:1   | Killed a black mamba
  7158 | Lair:1   | Noticed a cane toad
  7159 | Lair:1   | 7159 ||| INVOKING Finesse.
  7168 | Lair:1   | Killed a cane toad
  7169 | Lair:1   | Reached skill level 12 in Dodging
  7242 | Lair:1   | 7242 ||| RETREEEEATING.
  7245 | Lair:1   | 7245 ||| RETREEEEATING.
  7246 | Lair:1   | 7246 ||| RETREEEEATING.
  7247 | Lair:1   | 7247 ||| RETREEEEATING.
  7248 | Lair:1   | 7248 ||| RETREEEEATING.
  7249 | Lair:1   | 7249 ||| RETREEEEATING.
  7252 | Lair:1   | 7252 ||| RETREEEEATING.
  7258 | Lair:1   | 7258 ||| RETREEEEATING.
  7259 | Lair:1   | 7259 ||| RETREEEEATING.
  7260 | Lair:1   | 7260 ||| RETREEEEATING.
  7261 | Lair:1   | 7261 ||| RETREEEEATING.
  7262 | Lair:1   | 7262 ||| RETREEEEATING.
  7263 | Lair:1   | 7263 ||| RETREEEEATING.
  7264 | Lair:1   | 7264 ||| RETREEEEATING.
  7265 | Lair:1   | 7265 ||| RETREEEEATING.
  7276 | Lair:1   | 7276 ||| RETREEEEATING.
  7279 | Lair:1   | 7279 ||| RETREEEEATING.
  7280 | Lair:1   | 7280 ||| RETREEEEATING.
  7281 | Lair:1   | 7281 ||| RETREEEEATING.
  7282 | Lair:1   | 7282 ||| RETREEEEATING.
  7283 | Lair:1   | 7283 ||| RETREEEEATING.
  7284 | Lair:1   | 7284 ||| RETREEEEATING.
  7287 | Lair:1   | Received a gift from Okawaru
  7291 | Lair:1   | HP: 9/49 [blink frog (8)]
  7292 | Lair:1   | 7292 ||| READING 3 scrolls of teleportation.
  7582 | Lair:1   | Noticed Jeremiah
  7603 | Lair:1   | Killed Jeremiah
  7604 | Lair:1   | Reached XP level 11. HP: 36/53 MP: 18/18
  8248 | Lair:1   | 8248 ||| READING 2 scrolls of identify.
  8248 | Lair:1   | 8248 ||| IDENTIFYING scroll labelled BUOWKO WOINULIQ
  8249 | Lair:1   | 8249 ||| READING scroll of enchant armour.
  8249 | Lair:1   | 8249 ||| ENCHANTING +0 steam dragon scales.
  8250 | Lair:1   | 8250 ||| READING scroll of identify.
  8250 | Lair:1   | 8250 ||| IDENTIFYING scroll labelled LUUFEYS ZEOSEO
  8251 | Lair:1   | 8251 ||| DROPPING scroll of vulnerability.
  8443 | Lair:2   | Noticed a skyshark
  8444 | Lair:2   | 8444 ||| INVOKING Finesse.
  8445 | Lair:2   | 8445 ||| INVOKING Finesse.
  8452 | Lair:2   | Killed a skyshark
  8452 | Lair:2   | Received a gift from Okawaru
  8528 | Lair:2   | 8528 ||| RETREEEEATING.
  8530 | Lair:2   | 8530 ||| RETREEEEATING.
  8531 | Lair:2   | 8531 ||| RETREEEEATING.
  8532 | Lair:2   | 8532 ||| RETREEEEATING.
  8536 | Lair:2   | 8536 ||| INVOKING Finesse.
  8540 | Lair:2   | Reached skill level 9 in Invocations
  8546 | Lair:2   | Reached skill level 12 in Ranged Weapons
  8556 | Lair:2   | 8556 ||| INVOKING Finesse.
  8635 | Lair:2   | Found a sacrificial altar of Ru.
  8646 | Lair:2   | Noticed a skyshark
  8647 | Lair:2   | 8647 ||| INVOKING Finesse.
  8656 | Lair:2   | Killed a skyshark
  8683 | Lair:2   | Found a staircase to the Snake Pit.
  8789 | Lair:2   | Received a gift from Okawaru
  8945 | Lair:2   | Reached skill level 13 in Dodging
  9068 | Lair:2   | Noticed a ghost crab
  9070 | Lair:2   | Received a gift from Okawaru
  9072 | Lair:2   | HP: 4/55 [ghost crab] (17)]
  9072 | Lair:2   | Slain by a spectral cane toad

Levels and vault maps discovered:
D:1:      hellmonk_arrival_library, layout_loops_ring, minmay_door_square
D:2:      layout_basic, kennysheep_potato
D:3:      layout_basic
D:4:      layout_basic, okawaru_metal_pillars_1_2,
          gammafunk_ghost_abyssal_escape
D:5:      layout_rooms, temple_doors_e, serial_curves, eino_curves_04,
          eino_curves_04, eino_curves_04, chequers_garden, lemuel_flame_loot_1
D:6:      layout_gridville, portal_sewer_entry_b, nicolae_lava_and_water,
          uniq_blork_the_orc
D:7:      layout_cave_pools, chequers_decorated_corner, uniq_joseph
D:8:      layout_basic, minmay_lair_entry_grove
Lair:1:   layout_cave_pods, uniq_jeremiah
Lair:2:   layout_chaotic_city, nicolae_swamp_entry_spooky, dummy_snake_entry,
          basic_altar, minivault_26, lemuel_fruit_fields

Skill      XL: |  1  2  3  4  5  6  7  8  9 10 11 |
---------------+----------------------------------+-----
Dodging        | 3 4 5 6 7 8 11 12 13 | 13.1
Ranged Weapons | 5 6 7 9 10 11 12 | 12.2
Fighting       | 2 3 4 5 |  5.0
Invocations    | 3 4 5 8 10 | 10.0
Armour         | 1 |  1.0
Stealth        | |  1.5

Action                     |  1- 3 |  4- 6 |  7- 9 | 10-12 || total
---------------------------+-------+-------+-------+-------++-------
   Fire: Shortbow          |   114 |   135 |   128 |       ||   377
         Orcbow            |       |       |   351 |   289 ||   640
 Invoke: Heroism           |       |       |     2 |       ||     2
         Finesse           |       |       |     1 |     7 ||     8
  Evoke: Wand              |       |     4 |       |       ||     4
    Use: Scroll            |     1 |     9 |     9 |     6 ||    25
         Potion            |       |       |     2 |       ||     2
 Armour: Robe              |    16 |    12 |    65 |       ||    93
         Steam dragon scal |       |       |     4 |    83 ||    87
  Dodge: Dodged            |    39 |    53 |   230 |   265 ||   587

Table legend:
 A = Non-vault XP
 B = Vault XP
 C = Vault XP percentage of total XP
 D = Non-vault monster count
 E = Vault monster count
 F = Vault count percentage of total count
                 A         B        C        D         E       F
            +---------+---------+-------+---------+---------+-------
      Total |   14807 |    4176 |  22.0 |     196 |      51 |  20.6
            +---------+---------+-------+---------+---------+-------
        D:1 |      45 |       0 |   0.0 |      25 |       0 |   0.0
        D:2 |      56 |       4 |   6.7 |      14 |       2 |  12.5
        D:3 |      76 |       0 |   0.0 |      20 |       0 |   0.0
        D:4 |     520 |       0 |   0.0 |      16 |       0 |   0.0
        D:5 |     781 |       0 |   0.0 |      21 |       0 |   0.0
        D:6 |     572 |     110 |  16.1 |       8 |       5 |  38.5
        D:7 |    1482 |     445 |  23.1 |      42 |       1 |   2.3
        D:8 |    1040 |    1959 |  65.3 |      11 |      11 |  50.0
     Lair:1 |    3058 |     358 |  10.5 |      11 |       1 |   8.3
     Lair:2 |    7177 |     527 |   6.8 |      28 |       3 |   9.7
      Sewer |       0 |     773 | 100.0 |       0 |      28 | 100.0
            +---------+---------+-------+---------+---------+-------
